[Event "January 9 Late 2024"]
[Site "https://www.chess.com"]
[Date "2024.01.10"]
[Round "10"]
[White "Feliz Dotel, Dewar Bienvenido"]
[Black "Kargosha, Bahman"]
[Result "0-1"]
[Board "123"]
[TimeControl "180+1"]
[WhiteFideId "6402801"]
[BlackFideId "12503452"]
[WhiteElo "2159"]
[BlackElo "2297"]
[WhiteTeam "DOM"]
[BlackTeam "AUS"]
[WhiteClock "0:00:00"]
[BlackClock "0:01:25"]

1. Nf3 Nc6 2. d4 d5 3. c4 Bg4 4. cxd5 Bxf3 5. gxf3 Qxd5 6. e3 e5 7. Nc3 Bb4 8. a3 Bxc3+ 9. bxc3 Qd6 10. Rb1 b6 11. Bb5 a6 12. Qa4 Ne7 13. dxe5 Qc5 14. Bxc6+ Qxc6 15. Qe4 O-O 16. Qxc6 Nxc6 17. f4 Rad8 18. Bd2 Rd5 19. Ke2 Rfd8 20. Rhd1 Ra5 21. Bc1 Rxd1 22. Kxd1 Ra4 23. Kc2 Na5 24. Rb4 b5 25. Rxa4 bxa4 0-1

[Event "January 9 Late 2024"]
[Site "https://www.chess.com"]
[Date "2024.01.09"]
[Round "10"]
[White "Harrington, Steve"]
[Black "Kujawski, Adam"]
[Result "0-1"]
[Board "124"]
[TimeControl "180+1"]
[WhiteFideId "2038730"]
[BlackFideId "1100920"]
[WhiteElo "2154"]
[BlackElo "2289"]
[WhiteTeam "USA"]
[BlackTeam "POL"]
[WhiteClock "0:00:00"]
[BlackClock "0:00:03"]

1. e4 e5 2. d4 exd4 3. Nf3 Nc6 4. Nxd4 Bb4+ 5. c3 Bc5 6. Be3 Bb6 7. Nxc6 bxc6 8. Qd2 Qh4 9. Bd3 Nf6 10. g3 Qh3 11. Na3 d5 12. e5 Nd7 13. f4 Nc5 14. Bf1 Qh5 15. Bg2 Bh3 16. Bxc5 Bxg2 17. Qxg2 Bxc5 18. Nc2 a5 19. Qe2 Qg6 20. Nd4 Bxd4 21. cxd4 Rb8 22. O-O Rb4 23. Qd2 h5 24. a3 Rc4 25. Rac1 h4 26. Rxc4 dxc4 27. Qg2 hxg3 28. hxg3 O-O 29. f5 Qg4 30. Rf4 Qd1+ 31. Kh2 Rd8 32. f6 Rxd4 33. Rxd4 Qxd4 34. Qxc6 Qxe5 35. fxg7 Qe2+ 36. Kh3 Qh5+ 37. Kg2 Qe2+ 38. Kh3 Kxg7 39. Qxc7 Qh5+ 40. Kg2 Qd5+ 41. Kh3 Kf6 42. Qf4+ Ke6 0-1

[Event "January 9 Late 2024"]
[Site "https://www.chess.com"]
[Date "2024.01.09"]
[Round "10"]
[White "Burke, Paul"]
[Black "Kappeler, Kaspar"]
[Result "0-1"]
[Board "125"]
[TimeControl "180+1"]
[WhiteFideId "2605767"]
[BlackFideId "1309072"]
[WhiteElo "1907"]
[BlackElo "2262"]
[WhiteTeam "CAN"]
[BlackTeam "SUI"]
[WhiteClock "0:00:00"]
[BlackClock "0:00:44"]

1. e4 c5 2. Nf3 e6 3. d4 cxd4 4. c3 dxc3 5. Nxc3 Nc6 6. Bf4 d6 7. Bd3 Nf6 8. Qe2 Be7 9. Rd1 e5 10. Be3 O-O 11. h3 Be6 12. Nd5 Bxd5 13. exd5 Nb4 14. Bc4 b5 15. Bb3 e4 16. Ng5 Nd3+ 17. Rxd3 exd3 18. Qxd3 h6 19. Nf3 Re8 20. O-O Bf8 21. Bc2 g6 22. Nh4 Bg7 23. Nxg6 fxg6 24. Qxg6 Rxe3 25. fxe3 Qe7 26. Bf5 Rf8 27. Be6+ Kh8 28. e4 Qe8 0-1

[Event "January 9 Late 2024"]
[Site "https://www.chess.com"]
[Date "2024.01.09"]
[Round "10"]
[White "Tikhonov, Viacheslav"]
[Black "Curtis, John"]
[Result "1/2-1/2"]
[Board "126"]
[TimeControl "180+1"]
[WhiteFideId "44196407"]
[BlackFideId "3200256"]
[WhiteElo "2513"]
[BlackElo "2132"]
[WhiteTeam "RUS"]
[BlackTeam "AUS"]
[WhiteClock "0:00:52"]
[BlackClock "0:00:20"]

1. e4 e5 2. Nf3 Nf6 3. Nxe5 Qe7 4. d4 d6 5. Nd3 Nxe4 6. Be2 Qd8 7. O-O Be7 8. Re1 Nf6 9. c4 O-O 10. Nc3 Bf5 11. Bf3 Nc6 12. Nf4 h6 13. a3 Re8 14. b4 Bf8 15. Rxe8 Qxe8 16. Bb2 Ne4 17. Qe2 Nxc3 18. Bxc3 Qxe2 19. Bxe2 Ne7 20. Bf3 c6 21. d5 Rc8 22. dxc6 bxc6 23. g4 Be6 24. Nxe6 fxe6 25. Rd1 d5 26. Bd4 dxc4 27. Rc1 Nd5 28. Rxc4 a6 29. Be2 Bd6 30. Rc2 Ne7 31. Bc5 Rd8 32. Rd2 Bxh2+ 33. Kxh2 Rxd2 34. Bxa6 Nd5 35. Bb7 Ra2 36. Bxc6 Rxa3 37. b5 Rb3 38. Bd4 Kf7 39. f4 Rb4 40. Bc5 Rxf4 41. Kg3 Rc4 42. Bd6 Rc3+ 43. Kf2 Rb3 44. Bc5 Nf6 45. b6 Nxg4+ 46. Ke2 Ne5 47. Ba4 Rb2+ 48. Kd1 Nc4 49. Kc1 Rxb6 50. Bxb6 Nxb6 51. Bb3 Nd5 52. Kd2 Kf6 53. Kd3 g5 54. Ke4 h5 55. Bd1 g4 56. Kd4 Kg5 57. Ke4 h4 58. Ke5 Nf4 59. Ke4 h3 60. Ke3 h2 61. Bf3 h1=Q 62. Bxh1 Kf5 63. Kd4 e5+ 64. Ke3 g3 65. Be4+ Kg4 66. Bc6 g2 67. Kf2 Kf5 68. Bf3 e4 69. Bxg2 Nxg2 70. Kxg2 Kf4 71. Kf2 e3+ 72. Ke2 Ke4 73. Ke1 Kd3 74. Kd1 e2+ 75. Ke1 Ke3 1/2-1/2

[Event "January 9 Late 2024"]
[Site "https://www.chess.com"]
[Date "2024.01.09"]
[Round "10"]
[White "Petersson, Kjell"]
[Black "Romero Ruscalleda, Josep"]
[Result "0-1"]
[Board "127"]
[TimeControl "180+1"]
[WhiteFideId "1705148"]
[BlackFideId "2231859"]
[WhiteElo "2150"]
[BlackElo "2258"]
[WhiteTeam "SWE"]
[BlackTeam "ESP"]
[WhiteClock "0:00:00"]
[BlackClock "0:00:22"]

1. d4 g6 2. e4 Bg7 3. Nc3 d6 4. Nf3 a6 5. Bf4 b5 6. Qd2 Bb7 7. Bd3 Nf6 8. Bh6 Bxh6 9. Qxh6 b4 10. Nd5 Nxd5 11. exd5 Bxd5 12. Qg7 Rf8 13. Qxh7 Bxf3 14. gxf3 Qd7 15. O-O-O Nc6 16. Qh4 d5 17. Rhe1 Na5 18. Kb1 Nc4 19. f4 Nd6 20. Qg5 c6 21. Re2 Ra7 22. Rde1 Kd8 23. Rxe7 Qxe7 24. Rxe7 Rxe7 25. Kc1 Re8 26. Kd2 Kc7 27. h4 Re4 28. c3 bxc3+ 29. bxc3 Re2+ 30. Kd1 Rxf2 31. Qg3 Rxa2 32. f5 gxf5 33. Bxf5 Ree2 34. Bb1 Rg2 35. Qe3 Rab2 36. Qe7+ Kc8 37. Qf8+ Kd7 38. Kc1 Rbf2 0-1

[Event "January 9 Late 2024"]
[Site "https://www.chess.com"]
[Date "2024.01.10"]
[Round "10"]
[White "Mena, Martin"]
[Black "Rose, Felix"]
[Result "0-1"]
[Board "129"]
[TimeControl "180+1"]
[WhiteFideId "10651225"]
[BlackFideId "5105722"]
[WhiteElo "2097"]
[BlackElo "2243"]
[WhiteTeam "EGY"]
[BlackTeam "MEX"]
[WhiteClock "0:00:07"]
[BlackClock "0:01:51"]

1. c4 e6 2. g3 d5 3. Bg2 Nf6 4. d4 dxc4 5. Nf3 a6 6. O-O Nc6 7. e3 Bd7 8. Qc2 Bd6 9. Qxc4 Rb8 10. Nc3 O-O 11. b3 h6 12. Bb2 Qe7 13. Qd3 e5 14. dxe5 Nxe5 15. Nxe5 Bxe5 16. Rfd1 Bg4 17. f3 Rfd8 18. Qe2 Qb4 19. Qc2 Bf5 20. e4 Be6 21. f4 Bd4+ 22. Kh1 Ng4 23. Rd2 Ne3 24. Qd3 Nxg2 25. Kxg2 Bxc3 26. Qxc3 Rxd2+ 27. Kh1 Qxe4+ 0-1

[Event "January 9 Late 2024"]
[Site "https://www.chess.com"]
[Date "2024.01.09"]
[Round "10"]
[White "Dias, Joao Batista"]
[Black "Gonzalez Vega, Alejandro"]
[Result "1/2-1/2"]
[Board "130"]
[TimeControl "180+1"]
[WhiteFideId "2108240"]
[BlackFideId "3510042"]
[WhiteElo "2063"]
[BlackElo "2224"]
[WhiteTeam "BRA"]
[BlackTeam "CUB"]
[WhiteClock "0:00:24"]
[BlackClock "0:00:13"]

1. e4 c5 2. Nf3 a6 3. d4 cxd4 4. Nxd4 Nf6 5. Nc3 e5 6. Nb3 d6 7. Bd3 Be6 8. Be3 Be7 9. O-O Nbd7 10. f3 Qc7 11. Nd2 b5 12. a3 Rc8 13. Kh1 Nc5 14. Rc1 O-O 15. Qe2 d5 16. Nxd5 Nxd5 17. exd5 Bxd5 18. Ne4 Nxe4 19. Bxe4 Be6 20. Qf2 f5 21. Bd3 e4 22. Be2 Bd6 23. Qh4 f4 24. Bd4 e3 25. c3 Be7 26. Qh5 Rf5 27. Qg4 Rf6 28. Qh5 Rh6 29. Qe5 Bd6 30. Qe4 Rf8 31. Rcd1 Qe7 32. Bxg7 Kxg7 33. Qd4+ Kg8 34. Qxd6 Qh4 35. h3 Bxh3 36. Qxh6 Qxh6 37. gxh3 Qxh3+ 38. Kg1 Qg3+ 39. Kh1 Rf6 40. Rd8+ Kf7 41. Rd7+ Kg8 42. Rd8+ Kg7 43. Rd7+ Kg8 44. Rd8+ 1/2-1/2

[Event "January 9 Late 2024"]
[Site "https://www.chess.com"]
[Date "2024.01.09"]
[Round "10"]
[White "Panico, Nick"]
[Black "Varela La Madrid, Maria"]
[Result "0-1"]
[Board "131"]
[TimeControl "180+1"]
[WhiteFideId "2026724"]
[BlackFideId "3903346"]
[WhiteElo "2059"]
[BlackElo "2187"]
[WhiteTeam "USA"]
[BlackTeam "VEN"]
[WhiteClock "0:00:00"]
[BlackClock "0:00:13"]

1. d4 Nf6 2. Bf4 d5 3. e3 c5 4. Nf3 Nc6 5. Nbd2 Bg4 6. c3 e6 7. h3 Bh5 8. Bb5 cxd4 9. exd4 Bd6 10. Bxd6 Qxd6 11. Qa4 O-O 12. Bxc6 bxc6 13. Ne5 c5 14. O-O Qb6 15. g4 Bg6 16. g5 Nh5 17. Nd7 Qxb2 18. Nxf8 Qxd2 19. Nxg6 Qxg5+ 20. Kh2 hxg6 21. dxc5 Nf4 22. Rg1 Qf5 23. Rg3 Ne2 24. Rg2 Nf4 25. Rg4 Nd3 26. Rf1 Qe5+ 27. Kg2 Qxc3 28. Qd4 Qxd4 29. Rxd4 Nxc5 30. Rb1 Ne4 31. Rb7 a5 32. Ra4 Nd6 33. Rd7 Nc4 34. Rb7 g5 35. Rb5 g6 36. Kf3 Kg7 37. Ke2 Kf6 38. Kd3 Rh8 39. Rb3 Rxh3+ 40. Kd4 Rh4+ 41. Kc5 Rf4 42. f3 g4 43. fxg4 Rxg4 44. Kc6 Rf4 45. Kc5 g5 46. Rg3 Kf5 47. Kc6 f6 48. Kb5 g4 49. Kc6 Rf3 50. Ra3 Rxg3 51. Rxg3 Kf4 52. Rg1 g3 53. Kd7 Kf3 54. Kxe6 g2 55. Kxd5 Kf2 56. Rxg2+ Kxg2 57. Kxc4 Kf3 58. Kb5 f5 59. Kxa5 f4 60. Kb6 Kg3 61. a4 f3 62. a5 f2 63. a6 f1=Q 64. a7 Qf3 65. Kc7 Qa8 66. Kb6 Kf4 67. Ka6 Ke5 68. Kb6 Kd6 69. Ka6 Kc6 70. Ka5 Qxa7+ 71. Kb4 Qc5+ 72. Kb3 Kb5 73. Kb2 Kb4 74. Kb1 Qf2 75. Kc1 Kc3 0-1

[Event "January 9 Late 2024"]
[Site "https://www.chess.com"]
[Date "2024.01.09"]
[Round "10"]
[White "Yushko, Olga"]
[Black "Awoki, Daniel Teidi"]
[Result "1-0"]
[Board "132"]
[TimeControl "180+1"]
[WhiteFideId "14114500"]
[BlackFideId "2100827"]
[WhiteElo "2108"]
[BlackElo "2419"]
[WhiteTeam "UKR"]
[BlackTeam "BRA"]
[WhiteClock "0:00:39"]
[BlackClock "0:01:12"]

1. d4 Nf6 2. c4 e6 3. Nc3 d5 4. cxd5 exd5 5. Bg5 Nbd7 6. e3 c6 7. Qc2 Be7 8. Bd3 O-O 9. Nge2 h6 10. Bh4 Re8 11. O-O Ne4 12. Bxe7 Qxe7 13. Rfe1 Nxc3 14. bxc3 Nf6 15. Ng3 g6 16. Re2 h5 17. h4 Ng4 18. Bxg6 fxg6 19. Qxg6+ Kf8 20. Qxh5 Qf7 21. Qg5 Qf6 22. Qh5 Kg7 23. f3 Rh8 24. Qg5+ Qxg5 25. hxg5 Nh2 26. e4 dxe4 27. Rxe4 Kg6 28. Kf2 Kxg5 29. Re5+ Kg6 30. Rae1 Bd7 31. Re7 Rad8 32. Ne4 Rhf8 33. Kg3 Rh8 34. Nc5 Bc8 35. Nxb7 Rdg8 36. Nd6 Kf6+ 37. Kf2 Bf5 38. Rf7+ Kg6 39. Rxf5 Rb8 40. Re6+ Kg7 41. Rf7+ Kg8 42. Rg6# 1-0

[Event "January 9 Late 2024"]
[Site "https://www.chess.com"]
[Date "2024.01.09"]
[Round "10"]
[White "Pein, Jonathan"]
[Black "Reinecke, Katharina"]
[Result "0-1"]
[Board "133"]
[TimeControl "180+1"]
[WhiteFideId "417092"]
[BlackFideId "12929727"]
[WhiteElo "2313"]
[BlackElo "2021"]
[WhiteTeam "ENG"]
[BlackTeam "GER"]
[WhiteClock "0:00:09"]
[BlackClock "0:00:16"]

1. e4 c6 2. d4 d5 3. e5 Bf5 4. Ne2 e6 5. Ng3 Bg6 6. h4 h5 7. Be2 c5 8. c3 Nc6 9. Bxh5 Bxh5 10. Nxh5 g6 11. Bg5 Be7 12. Bxe7 Qxe7 13. Ng3 Rxh4 14. Rxh4 Qxh4 15. dxc5 Nxe5 16. Na3 O-O-O 17. Nb5 a6 18. Nd6+ Kb8 19. Qb3 Rd7 20. O-O-O Qf4+ 21. Rd2 Nd3+ 22. Kc2 Nxc5 23. Qb4 Qxd6 24. Qh4 Ne7 25. b4 Na4 26. Kb3 Qc6 27. Qh8+ Ka7 28. Ne2 b5 29. g4 Qc4+ 30. Ka3 Nc6 31. Qc8 Rb7 32. Qf8 Nxc3 33. Rc2 Nb1+ 34. Kb2 Qxb4+ 35. Qxb4 Nxb4 36. Rc8 Nd2 37. Nd4 Nd3+ 38. Kc3 Nxf2 39. Kc2 Nde4 40. a3 Nxg4 41. a4 bxa4 42. Kd3 Nef2+ 43. Kc3 e5 44. Nc6+ Kb6 45. Nd8 Rc7+ 46. Rxc7 Kxc7 47. Nxf7 e4 48. Kd4 Kc6 49. Nd8+ Kd6 50. Nb7+ Ke6 51. Nc5+ Kf5 52. Nxa4 e3 53. Nc3 Kf4 54. Nxd5+ Kf3 55. Nc3 e2 56. Nxe2 Kxe2 57. Kc4 g5 58. Kb4 Ne3 59. Ka5 g4 60. Kxa6 g3 61. Kb5 g2 62. Kc6 g1=Q 63. Kc5 Qg5+ 64. Kb4 Qf4+ 65. Ka3 Qc4 66. Kb2 Qc2+ 67. Ka3 Qb1 68. Ka4 Kd3 69. Ka5 Kc4 0-1

[Event "January 9 Late 2024"]
[Site "https://www.chess.com"]
[Date "2024.01.09"]
[Round "10"]
[White "Fareh, Youness"]
[Black "Skaric, Djuro"]
[Result "0-1"]
[Board "134"]
[TimeControl "180+1"]
[WhiteFideId "9000526"]
[BlackFideId "934569"]
[WhiteElo "2040"]
[BlackElo "2280"]
[WhiteTeam "MAR"]
[BlackTeam "SRB"]
[WhiteClock "0:00:29"]
[BlackClock "0:02:16"]

1. Nf3 d6 2. d4 Nf6 3. g3 g6 4. Bg2 Bg7 5. O-O O-O 6. c4 Nc6 7. Nc3 e5 8. d5 Ne7 9. e4 h6 10. Qc2 Ne8 11. b4 f5 12. a4 f4 13. c5 g5 14. cxd6 cxd6 15. Nb5 Ng6 16. Bd2 g4 17. Ne1 a6 18. Na3 Bd7 19. f3 h5 20. Nd3 fxg3 21. hxg3 h4 22. Be1 gxf3 23. Rxf3 Rxf3 24. Bxf3 Qg5 25. Qc1 Nf4 26. Ra2 Rc8 27. Qd2 hxg3 28. Nxf4 exf4 29. Rc2 Rxc2 30. Nxc2 Be5 31. a5 Nf6 32. Qe2 Qh4 33. Bd2 Bb5 34. Qg2 Bd3 35. Ne1 Bd4+ 0-1

[Event "January 9 Late 2024"]
[Site "https://www.chess.com"]
[Date "2024.01.09"]
[Round "10"]
[White "Celestino, Rafael Teixeira"]
[Black "Winkels, Marcel"]
[Result "1-0"]
[Board "135"]
[TimeControl "180+1"]
[WhiteFideId "2108925"]
[BlackFideId "1003887"]
[WhiteElo "2212"]
[BlackElo "2016"]
[WhiteTeam "BRA"]
[BlackTeam "NED"]
[WhiteClock "0:00:15"]
[BlackClock "0:00:00"]

1. e4 e6 2. d4 d5 3. Bd3 dxe4 4. Bxe4 Nf6 5. Bf3 Be7 6. c4 O-O 7. Ne2 c6 8. O-O b6 9. Nbc3 Bb7 10. Bg5 Nbd7 11. Re1 Rb8 12. Bf4 Rc8 13. Qd2 Re8 14. Rad1 Ba8 15. Ng3 Nf8 16. a3 Ng6 17. Bg5 c5 18. d5 Nxd5 19. cxd5 Bxg5 20. Qd3 Nf4 21. Qa6 Nxd5 22. Qxa7 Bc6 23. Nxd5 Bxd5 24. Bxd5 exd5 25. Rxe8+ Qxe8 26. Qxb6 Qe6 27. Qb7 d4 28. Ne4 Be7 29. a4 f5 30. Ng3 g6 31. a5 f4 32. Ne4 Re8 33. a6 Qc8 34. Qd5+ Kg7 35. Qe5+ Kg8 36. Rc1 Bf8 37. Qd5+ Kg7 38. Ng5 h6 39. Qf7+ 1-0

[Event "January 9 Late 2024"]
[Site "https://www.chess.com"]
[Date "2024.01.09"]
[Round "10"]
[White "Quirke, Jeffrey"]
[Black "Smirnov, Timofey"]
[Result "1-0"]
[Board "136"]
[TimeControl "180+1"]
[WhiteFideId "2013029"]
[BlackFideId "24176427"]
[WhiteElo "2142"]
[BlackElo "1998"]
[WhiteTeam "USA"]
[BlackTeam "RUS"]
[WhiteClock "0:01:03"]
[BlackClock "0:00:00"]

1. e4 e5 2. Nf3 Nf6 3. Bc4 Nxe4 4. Nxe5 d5 5. Bb3 Qg5 6. O-O Qxe5 7. d3 Bd6 8. g3 Ng5 9. Bf4 Nh3+ 10. Kh1 Nxf4 11. Re1 Qxe1+ 12. Qxe1+ Ne6 13. Bxd5 O-O 14. Nc3 Bd7 15. Kg1 Bc6 16. Bxe6 fxe6 17. Qxe6+ Kh8 18. Ne4 Bxe4 19. dxe4 Nc6 20. f4 Nd4 21. Qc4 Nc6 22. e5 Be7 23. Rf1 Rad8 24. c3 Rd2 25. Rf2 Rfd8 26. Rxd2 Rxd2 27. Qe6 Rd1+ 28. Kg2 h6 29. f5 Rd2+ 30. Kh3 Re2 31. f6 Rxe5 32. Qxe5 Nxe5 33. fxe7 1-0

[Event "January 9 Late 2024"]
[Site "https://www.chess.com"]
[Date "2024.01.09"]
[Round "10"]
[White "Vargas, Mauricio"]
[Black "Floresvillar Gonzalez, Luis Migu"]
[Result "0-1"]
[Board "137"]
[TimeControl "180+1"]
[WhiteFideId "4404572"]
[BlackFideId "5100542"]
[WhiteElo "1862"]
[BlackElo "2135"]
[WhiteTeam "COL"]
[BlackTeam "MEX"]
[WhiteClock "0:00:00"]
[BlackClock "0:00:51"]

1. e4 c6 2. Nc3 d5 3. d3 Nf6 4. e5 Ng4 5. f4 h5 6. h3 Nh6 7. Nf3 g6 8. g3 e6 9. Bg2 c5 10. O-O Nc6 11. Bd2 Bd7 12. a3 a6 13. Rb1 Be7 14. Ne2 Nf5 15. c3 b5 16. Qe1 Qb6 17. g4 hxg4 18. hxg4 Nh4 19. Be3 Nxf3+ 20. Rxf3 g5 21. Qg3 O-O-O 22. b4 gxf4 23. Qxf4 Be8 24. Ra1 d4 25. cxd4 Nxd4 26. Nxd4 cxd4 27. Rc1+ Kb8 28. Bf2 Bc6 29. Rxc6 Qxc6 30. Re3 Qc1+ 31. Re1 Qxf4 32. Rc1 Rc8 33. Rf1 Qxg4 0-1

[Event "January 9 Late 2024"]
[Site "https://www.chess.com"]
[Date "2024.01.09"]
[Round "10"]
[White "Dahlgren, James Allen"]
[Black "Gulamirian, Korun"]
[Result "1-0"]
[Board "138"]
[TimeControl "180+1"]
[WhiteFideId "22256873"]
[BlackFideId "4144899"]
[WhiteElo "2121"]
[BlackElo "1649"]
[WhiteTeam "ESP"]
[BlackTeam "RUS"]
[WhiteClock "0:00:06"]
[BlackClock "0:00:15"]

1. e3 e5 2. c4 Nf6 3. Nc3 c6 4. d4 exd4 5. exd4 Bb4 6. Nf3 O-O 7. Be2 Re8 8. O-O d5 9. cxd5 Nxd5 10. Qb3 Nxc3 11. bxc3 Bd6 12. Bc4 Qc7 13. Ng5 Re7 14. Bd2 b5 15. Bxf7+ Rxf7 16. Rae1 Qd7 17. Nxf7 Qxf7 18. Re8+ Bf8 19. Rxc8 a5 20. Re1 a4 21. Qxf7+ Kxf7 22. Ree8 Bd6 23. Red8 Ke6 24. g3 Ra7 25. Rxb8 Bxb8 26. Rxb8 Kd5 27. Rc8 Re7 28. Kf1 h6 29. Be3 g5 30. Ke2 Re6 31. Kd3 Rg6 32. Rd8+ Ke6 33. Ke4 Ke7 34. Rc8 Kd7 35. Rh8 Re6+ 36. Kf5 Rd6 37. Rh7+ Ke8 38. Ke5 Rg6 39. Ra7 Kd8 40. Kf5 Rd6 41. h4 gxh4 42. gxh4 Ke8 43. Bf4 Rd7 44. Rxd7 Kxd7 45. Bxh6 Kd6 46. Bf8+ Kd7 47. Bc5 Ke8 48. h5 Kf7 49. Kg5 Kg7 50. h6+ Kh7 51. Kh5 Kg8 52. Kg6 Kh8 53. h7 a3 54. d5 cxd5 55. Bd4# 1-0

[Event "January 9 Late 2024"]
[Site "https://www.chess.com"]
[Date "2024.01.09"]
[Round "10"]
[White "Thake, Conrad"]
[Black "Guzman Lozano, Campo Elias"]
[Result "0-1"]
[Board "139"]
[TimeControl "180+1"]
[WhiteFideId "5602947"]
[BlackFideId "4403746"]
[WhiteElo "1848"]
[BlackElo "2151"]
[WhiteTeam "MLT"]
[BlackTeam "COL"]
[WhiteClock "0:00:41"]
[BlackClock "0:00:36"]

1. e4 c5 2. Nc3 Nc6 3. d3 g6 4. g3 Bg7 5. Bg2 e6 6. Nh3 Nge7 7. O-O O-O 8. Be3 d6 9. f4 Rb8 10. Qd2 b5 11. g4 b4 12. Ne2 f5 13. gxf5 gxf5 14. c3 Kh8 15. d4 bxc3 16. bxc3 cxd4 17. cxd4 d5 18. e5 Rg8 19. Rab1 Bd7 20. Rxb8 Qxb8 21. Ng5 Bh6 22. Nf7+ Kg7 23. Nxh6 Kxh6 24. Nc3 Nd8 25. Rf3 Kg7 26. Rg3+ Kh8 27. Rxg8+ Kxg8 28. Qf2 Ng6 29. h4 Qb4 30. Nxd5 Qb1+ 31. Kh2 exd5 32. Bxd5+ Kh8 33. h5 Ne7 34. Bb3 Bc6 35. Qg1 Qb2+ 36. Qf2 Qb1 37. Qg1 Qe4 38. h6 Ng6 39. Bd1 Ne6 40. Bh5 Nexf4 41. Bxf4 Qxf4+ 42. Kh3 Qh4# 0-1

[Event "January 9 Late 2024"]
[Site "https://www.chess.com"]
[Date "2024.01.09"]
[Round "10"]
[White "Oliveira, Tiago Batista"]
[Black "Piscicelli, Daniel Orlando"]
[Result "1-0"]
[Board "140"]
[TimeControl "180+1"]
[WhiteFideId "2108291"]
[BlackFideId "101958"]
[WhiteElo "2016"]
[BlackElo "2145"]
[WhiteTeam "BRA"]
[BlackTeam "ARG"]
[WhiteClock "0:00:15"]
[BlackClock "0:00:00"]

1. d4 Nf6 2. c4 g6 3. Nc3 d5 4. cxd5 Nxd5 5. e4 Nxc3 6. bxc3 Bg7 7. Be3 O-O 8. Rc1 c5 9. Nf3 Nc6 10. d5 Qa5 11. Qd2 Bg4 12. dxc6 Rfd8 13. cxb7 Rab8 14. Qb2 Bxf3 15. gxf3 Rd7 16. Bd2 Rdxb7 17. Qc2 Rb2 18. Qd1 Rxa2 19. Bc4 Rab2 20. O-O Qc7 21. Rc2 Rb1 22. Qe2 Be5 23. h3 Qd7 24. Kg2 Qe6 25. Bxe6 Rxf1 26. Bxf7+ Kxf7 27. Qxf1 Rd8 28. Qc4+ e6 29. Qxc5 Bf6 30. Qc7+ Kg8 31. e5 Bh4 32. Bh6 1-0

[Event "January 9 Late 2024"]
[Site "https://www.chess.com"]
[Date "2024.01.09"]
[Round "10"]
[White "Van Baar, Esper"]
[Black "Prokhorov, Oleksandr"]
[Result "0-1"]
[Board "142"]
[TimeControl "180+1"]
[WhiteFideId "1049321"]
[BlackFideId "14105578"]
[WhiteElo "2089"]
[BlackElo "2309"]
[WhiteTeam "NED"]
[BlackTeam "UKR"]
[WhiteClock "0:00:00"]
[BlackClock "0:00:02"]

1. d4 g6 2. Bf4 Bg7 3. Nf3 d6 4. e3 Nd7 5. h3 e5 6. dxe5 dxe5 7. Bg3 Qe7 8. Nc3 c6 9. Qd2 Nh6 10. O-O-O O-O 11. Bh4 f6 12. Bc4+ Kh8 13. g4 b5 14. Bb3 a5 15. a4 b4 16. Ne4 c5 17. Qd6 Qe8 18. Nxc5 Nxc5 19. Qxc5 Ba6 20. Qd6 Be2 21. Nd2 Bxd1 22. Rxd1 Rd8 23. Qc5 Qd7 24. Qxa5 g5 25. Bg3 Qd6 26. Qb5 Nf7 27. Qc4 Rd7 28. Qe6 Rfd8 29. Qxd6 Nxd6 30. Nc4 Ne4 31. Rxd7 Rxd7 32. a5 Bf8 33. h4 Ra7 34. hxg5 Nxg5 35. f4 Ne4 36. Bh2 exf4 37. Bxf4 Bc5 38. Kd1 Rd7+ 39. Ke2 Kg7 40. Ba4 Re7 41. a6 Ba7 42. Bc6 Kg6 43. Kf3 Ng5+ 44. Bxg5 Kxg5 45. e4 h5 46. gxh5 Kxh5 47. Bd5 Rc7 48. b3 Kg5 49. Ke2 Kf4 50. Kd3 Rh7 51. Nd2 Rh3+ 52. Kc4 Rh2 53. Nb1 Rh1 54. Nd2 Rc1 55. Kxb4 Rxc2 56. Nc4 Rc1 57. Na5 Ra1 58. Nc6 Bb6 59. Kb5 Be3 60. b4 Kf3 61. Na5 Ke2 62. Nc6 Rb1 63. a7 Ra1 64. Kc4 Bxa7 65. Nxa7 Rxa7 66. b5 Rc7+ 67. Kb4 Ke3 68. Bc6 Kd4 69. Ka5 f5 70. exf5 Rf7 0-1

[Event "January 9 Late 2024"]
[Site "https://www.chess.com"]
[Date "2024.01.09"]
[Round "11"]
[White "Dubov, Daniil"]
[Black "Nakamura, Hikaru"]
[Result "1-0"]
[Board "1"]
[TimeControl "180+1"]
[WhiteFideId "24126055"]
[BlackFideId "2016192"]
[WhiteElo "3139"]
[BlackElo "3212"]
[WhiteTeam "RUS"]
[BlackTeam "USA"]
[WhiteClock "0:00:07"]
[BlackClock "0:00:07"]

1. d4 Nf6 2. Bf4 d5 3. e3 c5 4. Nf3 Nc6 5. Nbd2 cxd4 6. exd4 Bf5 7. Bb5 e6 8. O-O Bd6 9. Bxd6 Qxd6 10. c3 O-O 11. Re1 a6 12. Bf1 Nd7 13. a4 h6 14. h3 Rab8 15. a5 Qc7 16. Qa4 Rfe8 17. Re3 Bg6 18. Qa3 f6 19. c4 Bf7 20. b4 Ne7 21. Rae1 Rbc8 22. b5 Nf5 23. b6 Qd8 24. Rc3 e5 25. cxd5 exd4 26. Rxc8 Qxc8 27. Rc1 Qd8 28. Qd3 Ne7 29. Qxd4 Nxd5 30. Nc4 Nb8 31. Qc5 Nd7 32. Qd6 Nf8 33. Rd1 Ng6 34. Qa3 Re6 35. g3 Rc6 36. Nd4 Rc8 37. Nd6 Rc3 38. Nxf7 Kxf7 39. Qa2 Ne7 40. Bg2 Rc5 41. Ne2 g5 42. Kh2 Kg7 43. Nd4 Qc8 44. Qe2 Kf7 45. Qh5+ Kg7 46. Re1 Rc1 47. Ne6+ Kg8 48. Rxc1 Qc2 49. Rxc2 1-0

[Event "January 9 Late 2024"]
[Site "https://www.chess.com"]
[Date "2024.01.09"]
[Round "11"]
[White "Sevian, Samuel"]
[Black "Aronian, Levon"]
[Result "1-0"]
[Board "2"]
[TimeControl "180+1"]
[WhiteFideId "2040506"]
[BlackFideId "13300474"]
[WhiteElo "3159"]
[BlackElo "3125"]
[WhiteTeam "USA"]
[BlackTeam "USA"]
[WhiteClock "0:02:01"]
[BlackClock "0:00:11"]

1. e4 c5 2. Nf3 e6 3. d4 cxd4 4. Bg5 Qc7 5. Nxd4 a6 6. Nc3 Nc6 7. Nxc6 bxc6 8. Bc4 Nf6 9. Qe2 Bd6 10. g3 Be5 11. O-O O-O 12. Rae1 a5 13. Bd3 a4 14. Nd1 Bd4 15. c3 Bb6 16. e5 Nd5 17. c4 Nb4 18. Bxh7+ Kxh7 19. Qh5+ Kg8 20. Bf6 1-0

[Event "January 9 Late 2024"]
[Site "https://www.chess.com"]
[Date "2024.01.09"]
[Round "11"]
[White "Nepomniachtchi, Ian"]
[Black "Bortnyk, Olexandr"]
[Result "1/2-1/2"]
[Board "3"]
[TimeControl "180+1"]
[WhiteFideId "4168119"]
[BlackFideId "14120828"]
[WhiteElo "3145"]
[BlackElo "3120"]
[WhiteTeam "RUS"]
[BlackTeam "UKR"]
[WhiteClock "0:00:30"]
[BlackClock "0:00:04"]

1. d4 d6 2. e4 Nf6 3. Nc3 e5 4. Nf3 Nbd7 5. Bc4 Be7 6. O-O O-O 7. Re1 a6 8. a4 b6 9. d5 Bb7 10. b3 c6 11. dxc6 Bxc6 12. Nd5 Nxd5 13. Bxd5 Qc7 14. c4 b5 15. axb5 axb5 16. Rxa8 Rxa8 17. cxb5 Bxd5 18. Qxd5 Rb8 19. Be3 Qa5 20. Rc1 Rxb5 21. Qc6 Nf8 22. Nd2 h6 23. h3 Rb8 24. Qc7 Qxc7 25. Rxc7 Bg5 26. Bxg5 hxg5 27. Nc4 Ne6 28. Ra7 Rxb3 29. Nxd6 f6 30. Nf5 Kf8 31. g3 Rb4 32. Kg2 Rb3 33. Ra6 Nc5 34. Ra8+ Kf7 35. Ra7+ Kf8 36. Nxg7 Nxe4 37. Ne6+ Kg8 38. Ra4 Nd6 39. Ra7 Ne4 40. Ra4 Nd6 41. Nc5 Rc3 42. Nd7 Kf7 43. Ra6 Ne4 44. h4 gxh4 45. gxh4 Ke7 46. Ra7 Ke6 47. h5 Rc2 48. h6 Rxf2+ 49. Kg1 Rf4 50. Nf8+ Kf5 51. Ra2 Rg4+ 52. Rg2 Rxg2+ 53. Kxg2 Ng5 54. h7 Nf7 55. Kf3 e4+ 56. Ke3 Nh8 57. Nd7 Kg6 58. Kxe4 f5+ 59. Kf4 Kxh7 60. Kxf5 1/2-1/2

[Event "January 9 Late 2024"]
[Site "https://www.chess.com"]
[Date "2024.01.09"]
[Round "11"]
[White "Tabatabaei, M. Amin"]
[Black "Hakobyan, Aram"]
[Result "1/2-1/2"]
[Board "4"]
[TimeControl "180+1"]
[WhiteFideId "12521213"]
[BlackFideId "13306677"]
[WhiteElo "3102"]
[BlackElo "3035"]
[WhiteTeam "IRI"]
[BlackTeam "ARM"]
[WhiteClock "0:01:16"]
[BlackClock "0:01:25"]

1. e4 e5 2. Nf3 Nc6 3. Bc4 Bc5 4. d3 Nf6 5. Nc3 d6 6. Na4 Bb6 7. a3 h6 8. h3 Bd7 9. b4 Nd4 10. Nxb6 Nxf3+ 11. Qxf3 axb6 12. O-O O-O 13. c3 Kh8 14. Bb3 Nh7 15. d4 Qe7 16. Re1 Be6 17. Bc2 Qh4 18. Kh2 Nf6 19. Qg3 Ng4+ 20. Kg1 Qxg3 21. fxg3 Nf6 22. d5 Bd7 23. g4 Bb5 24. g5 hxg5 25. Bxg5 Nd7 26. Bb3 Ba4 27. Bc4 b5 28. Bd3 Nb6 29. g4 Nc4 30. Kg2 f6 31. Bc1 c6 1/2-1/2